Map: Prion Terraces

Players

MorN - Winner!

  • Race: Terran Terran
  • League: Master

Hani

  • Race: Zerg Zerg
  • League: Master

VOD

Have the link to the VOD?

Description

Time

  • Played on: Dec. 6, 2015, 3:31 a.m.
  • Length: 6:33
Show
View Real Time Build Order
Export as new Build Order

MorN Terran - Winner!

Build Orders: Reaper Expand 

Get SALT Encoding   

  12  0:00  SCV  
  13  0:12  SCV  
  14  0:17  Supply Depot  
  14  0:24  SCV  
  15  0:38  SCV  
  15  0:39  Barracks  
  16  0:43  Refinery  
  16  0:50  SCV  
  17  1:04  SCV  
  18  1:18  SCV  
  19  1:28  Reaper  
  19  1:30  Orbital Command  
  20  1:40  Command Center  
  20  1:49  Supply Depot  
  20  1:57  SCV  
  21  2:03  Barracks  
  21  2:09  Barracks Reactor  
  21  2:14  Barracks  
  21  2:18  SCV  
  22  2:30  SCV  
  23  2:42  SCV  
  24  2:45  Marine x2  
  26  2:51  Orbital Command  
  26  2:53  Barracks Tech Lab  
  26  2:54  SCV  
  27  3:02  Marine  
  27  3:03  Marine  
  29  3:06  SCV, Factory  
  30  3:18  Stimpack  
  29  3:23  SCV  
  29  3:24  SCV  
  29  3:25  Refinery  
  29  3:26  Marine  
  29  3:27  Marine x3  
  35  3:35  Supply Depot  
  35  3:39  SCV  
  36  3:44  Marine x3  
  36  3:45  Marine  
  40  3:52  Supply Depot  
  40  3:53  Starport  
  40  3:54  SCV  
  41  3:56  SCV  
  41  4:01  Factory Reactor  
  41  4:02  Marine x2  
  44  4:06  SCV  
  45  4:10  Marine x2  
  45  4:13  Supply Depot  
  47  4:18  SCV  
  47  4:20  Marine x2  
  50  4:28  SCV, Marine x2  
  50  4:30  Refinery  
  53  4:38  Marine  
  54  4:40  SCV  
  54  4:41  Medivac x2  
  54  4:43  Bunker  
  59  4:45  SCV  
  59  4:46  Supply Depot  
  59  4:48  Factory Reactor  
  59  4:49  Marine x3  
  64  4:52  SCV  
  64  4:58  SCV  
  64  4:59  Marine  
  66  5:05  SCV  
  66  5:07  Marine  
  67  5:09  Marine x2  
  67  5:10  SCV  
  71  5:23  Marine  
  71  5:24  Marine, Medivac x2  
  71  5:25  SCV  
  71  5:26  Refinery  
  71  5:28  Supply Depot  
  78  5:38  Command Center  
  78  5:48  Supply Depot  
  78  5:49  Marine x3  
  84  5:50  SCV x2, Marauder  
  84  5:52  Supply Depot  
Show
View Real Time Build Order
Export as new Build Order

Hani Zerg 

Build Orders: Hatch First 

Get SALT Encoding   

  12  0:03  Drone  
  13  0:16  Overlord  
  13  0:21  Drone  
  14  0:35  Drone x2  
  16  0:39  Drone  
  17  0:51  Drone  
  18  0:58  Hatchery  
  18  1:04  Drone  
  19  1:11  Drone  
  19  1:15  Spawning Pool  
  19  1:18  Extractor  
  17  1:21  Drone  
  18  1:36  Drone  
  19  1:44  Drone  
  20  1:54  Overlord  
  20  2:04  Queen  
  22  2:10  Queen  
  22  2:11  Drone  
  22  2:12  Drone  
  26  2:17  Zergling x2  
  26  2:20  Metabolic Boost  
  26  2:22  Zergling x2  
  28  2:25  Drone  
  29  2:32  Spore Crawler  
  27  2:39  Extractor  
  28  2:52  Drone x3  
  28  2:53  Overlord  
  28  2:55  Drone  
  32  3:00  Queen x2  
  36  3:15  Spore Crawler  
  35  3:20  Overlord  
  35  3:21  Drone x3  
  35  3:22  Drone x2  
  40  3:33  Hatchery  
  39  3:42  Lair  
  39  3:46  Queen  
  41  3:57  Drone x2  
  41  4:00  Drone  
  41  4:01  Overlord x2  
  44  4:21  Roach Warren  
  44  4:23  Extractor  
  44  4:24  Extractor, Queen  
  42  4:31  Drone x5  
  45  4:34  Drone x5  
  53  4:40  Overlord  
  53  4:50  Nydus Network  
  53  4:51  Overlord  
  52  5:05  Roach  
  52  5:06  Roach x3  
  60  5:14  Queen  
  60  5:15  Roach  
  60  5:19  Roach x2  
  68  5:23  Roach  
  70  5:30  Roach x3  
  70  5:31  Roach  
  70  5:35  Overlord  
  77  5:43  Nydus Canal  
  77  5:52  Overlord x2  
  77  5:53  Overlord  
  77  6:02  Overseer  
Tags
 
Add a new tag
Caveats
  • Supply blocks, unpowered buildings, or Contaminate may cause inaccurate times.
  • Supply counts are checked every 10 seconds.